 Dungeon Crawl Stone Soup version 0.24-a0-201-gf205589 (webtiles) character file.

Game seed: 10575454910447257406

151 nikopol the Shooter (level 5, 0/45 HPs)
             Began as a Minotaur Hunter on Mar 20, 2019.
             Slain by an orc wizard
             ... wielding a +0 dagger
              (2 damage)
             ... on level 3 of the Dungeon.
             The game lasted 00:05:09 (1691 turns).

nikopol the Shooter (Minotaur Hunter)               Turns: 1691, Time: 00:05:10

Health: 0/45       AC:  4    Str: 17    XL:     5   Next: 11%
Magic:  4/4        EV: 12    Int:  8    God:
Gold:   80         SH:  0    Dex: 11    Spells: 4/4 levels left

rFire    . . .     SeeInvis .   z - +0 short sword
rCold    . . .     Gourm    .   (no shield)
rNeg     . . .     Faith    .   c - +0 leather armour
rPois    .         Spirit   .   (helmet restricted)
rElec    .         Reflect  .   (no cloak)
rCorr    .         Harm     .   (no gloves)
MR       .....                  g - +0 pair of boots
Stlth    +.........             (no amulet)
HPRegen  0.15/turn              (no ring)
MPRegen  0.09/turn              (no ring)

@: confused
A: retaliatory headbutt, horns 2
a: no special abilities


You were on level 3 of the Dungeon.
You were not hungry.

You visited 1 branch of the dungeon, and saw 3 of its levels.

You collected 80 gold pieces.

Inventory:

Hand Weapons
 a - a +1 shortbow
 z - a +0 short sword (weapon)
Missiles
 d - 2 arrows
Armour
 c - a +0 leather armour (worn)
 g - a +0 pair of boots (worn)
Jewellery
 m - an uncursed ring of stealth {unknown}
 p - an uncursed ring of resist corrosion {unknown}
Wands
 n - a wand of digging (4)
Scrolls
 i - a scroll of random uselessness {unknown}
 j - 2 scrolls of immolation {unknown}
 k - a scroll of enchant armour {unknown}
 l - a scroll of identify {unknown}
 o - a scroll of noise {unknown}
Potions
 b - a potion of mutation {unknown}
 e - a potion of magic {unknown}
 h - a potion of heal wounds {unknown}
Comestibles
 f - 6 rations


   Skills:
 + Level 3.1 Fighting
 + Level 0.5 Short Blades
 + Level 6.4 Bows
 + Level 1.3 Armour
 + Level 2.5 Dodging
 + Level 0.7 Stealth


You had 4 spell levels left.
You didn't know any spells.
Your spell library was empty.

Dungeon Overview and Level Annotations

Branches:
Dungeon (3/15)

Altars:
Nemelex Xobeh
Trog


Innate Abilities, Weirdness & Mutations

You reflexively headbutt those who attack you in melee.
You have a pair of horns on your head.


Message History

The orc priest calls down the wrath of Beogh upon you.
Pain shoots through your body!
* * * LOW HITPOINT WARNING * * *
You barely miss the orc priest.
The orc priest is almost dead.
The orc priest hits you but does no damage.
You closely miss the orc priest.
The orc priest is almost dead.
The orc priest barely misses you.
You closely miss the orc priest. Your headbutt misses the orc priest.
The orc priest is almost dead.
The orc priest closely misses you. You furiously retaliate!
You headbutt the orc priest!
You kill the orc priest!
You have reached level 5!
You closely miss something.
You hear some strange, mumbled words.
You are confused.
Something hits you.
You die...

....# #.##
#.....# ....#
#(.#
###.....#.
....# ##.#
#....(......
....# #.#
#.##+####....
....# #.###.#
...( ....#
#..##o# ...
....# ##.##o#
.) #####
#..#{#
######.#@#
#........#
#.#####.##
#.# #.# #.#
#..
#########.#
##.#
..........#
..
###########
#.# #


You could see 2 orcs.

Vanquished Creatures
  An orc priest (D:3)
  5 adders
  An ooze (D:3)
  2 worms (D:2)
  3 dart slugs
  A leopard gecko (D:3)
  3 orcs (D:3)
  4 giant cockroaches
  6 goblins
  9 hobgoblins
  4 jackals (D:1)
  6 bats
  A frilled lizard (D:3)
  4 kobolds
  8 rats
58 creatures vanquished.

Notes
Turn   | Place    | Note
-------+----------+-------------------------------------------
     0 | D:1      | nikopol the Minotaur Hunter began the quest for the Orb.
     0 | D:1      | Reached XP level 1. HP: 18/18 MP: 0/0
    50 | D:1      | Reached XP level 2. HP: 20/25 MP: 1/1
    69 | D:1      | Reached skill level 5 in Bows
   714 | D:2      | Reached XP level 3. HP: 30/30 MP: 2/2
   941 | D:2      | Reached XP level 4. HP: 37/37 MP: 3/3
   990 | D:2      | Found a sparkling altar of Nemelex Xobeh.
  1169 | D:2      | Reached skill level 1 in Armour
  1306 | D:3      | Reached skill level 6 in Bows
  1524 | D:2      | Found a bloodstained altar of Trog.
  1687 | D:3      | HP: 1/38 [orc priest/nerve-wracking pain (10)]
  1690 | D:3      | Reached XP level 5. HP: 2/45 MP: 4/4
  1691 | D:3      | Slain by an orc wizard

Levels and vault maps discovered:
D:1:      dpeg_arrival_rooms_b, layout_rooms, serial_forest,
          infiniplex_forest_zigzag_1, infiniplex_forest_lined_4_way,
          infiniplex_forest_straight_4, infiniplex_forest_clump_C,
          infiniplex_forest_lined_3, infiniplex_forest_straight_4,
          infiniplex_forest_lined_corner, infiniplex_forest_straight_2
D:2:      lemuel_upstairs_altar, layout_rooms, marbit_many_paths
D:3:      layout_basic, kennysheep_generic_room_7, uniq_terence

Skill      XL: |  1  2  3  4 |
---------------+-------------+-----
Bows           | 5 6 |  6.4
Armour         | 1 |  1.3
Fighting       | 3 |  3.1
Short Blades   | |  0.5
Dodging        | |  2.5
Stealth        | |  0.7

Action                   |  1- 3 |  4- 6 || total
-------------------------+-------+-------++-------
Melee: Short sword       |    22 |    26 ||    48
       Headbutt          |     3 |     4 ||     7
 Fire: Shortbow          |    57 |    39 ||    96
  Eat: Chunk             |       |     2 ||     2
Armor: Leather armour    |     9 |     3 ||    12
Dodge: Dodged            |    30 |    26 ||    56

Table legend:
 A = Non-vault XP
 B = Vault XP
 C = Vault XP percentage of total XP
 D = Non-vault monster count
 E = Vault monster count
 F = Vault count percentage of total count
                 A         B        C        D         E       F
            +---------+---------+-------+---------+---------+-------
      Total |     216 |       1 |   0.5 |      57 |       1 |   1.7
            +---------+---------+-------+---------+---------+-------
        D:1 |      38 |       0 |   0.0 |      22 |       0 |   0.0
        D:2 |      74 |       1 |   1.3 |      16 |       1 |   5.9
        D:3 |     104 |       0 |   0.0 |      19 |       0 |   0.0
            +---------+---------+-------+---------+---------+-------
